 Dungeon Crawl Stone Soup version 0.29.0-4-gdea44cf6ec (webtiles) character file.

Game seed: 4453264067744085027

3210 keekatzer the Ruffian (level 9, -4/76 HPs)
             Began as a Troll Transmuter on Aug 26, 2022.
             Was a Believer of Elyvilon.
             Slain by a two-headed ogre
             ... wielding a +0 giant club
              (34 damage)
             ... on level 9 of the Dungeon.
             The game lasted 00:31:20 (4774 turns).

keekatzer the Ruffian (Troll Transmuter)            Turns: 4774, Time: 00:31:21

Health: -4/76      AC:  8    Str: 26    XL:     9   Next: 65%
Magic:  11/13      EV: 10    Int:  9    God:    Elyvilon [**....]
Gold:   423        SH:  0    Dex: 14    Spells: 8/15 levels left

rFire   . . .      SeeInvis +     - Unarmed
rCold   . . .      Faith    .   (no shield)
rNeg    . . .      Spirit   .   G - +0 steam dragon scales
rPois   .          Reflect  .   (helmet currently unavailable)
rElec   .          Harm     .   J - +0 cloak
rCorr   .          Rampage  .   (gloves unavailable)
Will    .....                   (boots unavailable)
Stlth   +.........              d - amulet of regeneration
HPRegen 1.82/turn               f - ring of see invisible
MPRegen 0.13/turn               B - +6 ring of strength

@: appendages, wereblooded
A: horns 2, talons 2, large, unfitting armour, claws 3, regeneration 1, shaggy
fur 1, tough skin 1
a: End Transformation, Renounce Religion, Purification, Heal Other


You were on level 9 of the Dungeon.
You worshipped Elyvilon.
Elyvilon was pleased with you.
You had temporarily grown beastly horns and talons.
You visited 2 branches of the dungeon, and saw 10 of its levels.

You collected 423 gold pieces.

Inventory:

Hand Weapons
 q - a +2 war axe of electrocution
 I - a +3 quarterstaff of chaos
 K - a +0 hammer
Armour
 F - a +0 kite shield
 G - +0 steam dragon scales (worn)
 J - a +0 cloak (worn)
Magical Staves
 y - a staff of cold
Jewellery
 d - an amulet of regeneration (around neck)
 f - a ring of see invisible (left claw)
 g - a ring of fire
 B - a +6 ring of strength (right claw)
Wands
 A - a wand of paralysis (4)
 D - a wand of light (7)
Scrolls
 a - a scroll of blinking {unknown}
 h - 6 scrolls of identify {unknown}
 i - a scroll of immolation {unknown}
 k - 3 scrolls of amnesia {unknown}
 l - 2 scrolls of vulnerability {unknown}
 n - 2 scrolls of enchant armour {unknown}
 r - 2 scrolls of poison {unknown}
 t - a scroll of magic mapping {unknown}
 v - 4 scrolls of teleportation {unknown}
 x - a scroll of torment {unknown}
 E - 2 scrolls of noise {unknown}
 H - a scroll of enchant weapon {unknown}
Potions
 b - 2 potions of lignification
 c - a potion of berserk rage {unknown}
 e - 3 potions of haste {unknown}
 j - 2 potions of resistance {unknown}
 m - 2 potions of degeneration {unknown}
 o - a potion of brilliance {unknown}
 p - a potion of might {unknown}
 s - 2 potions of mutation {unknown}
 u - 4 potions of curing {unknown}
 w - 2 potions of flight {unknown}
 z - 2 potions of attraction {unknown}
 C - 2 potions of heal wounds {unknown}


   Skills:
 - Level 1.2 Fighting
 - Level 2.6 Dodging
 - Level 5.7 Unarmed Combat
 - Level 3.6 Spellcasting
 + Level 5.6 Transmutations
 + Level 5.6 Ice Magic
 + Level 2.9 Invocations


You had 8 spell levels left.
You knew the following spells:

 Your Spells              Type           Power      Damage    Failure   Level
a - Beastly Appendage     Tmut           22%        N/A       2%          1
b - Wereblood             Tmut           11%        N/A       4%          2
c - Ice Form              Ice/Tmut       11%        N/A       26%         4

Your spell library contained the following spells:

 Spells                   Type           Power      Damage    Failure   Level
 Spider Form              Tmut/Pois      6%         N/A       26%         3
 Gell's Gravitas          Tloc           1%         N/A       63%         3
 Lesser Beckoning         Tloc           1%         N/A       63%         3
 Stone Arrow              Conj/Erth      2%         3d7       63%         3
 Teleport Other           Tloc           1%         N/A       63%         3
 Petrify                  Tmut/Erth      6%         N/A       65%         4
 Alistair's Intoxication  Tmut/Pois      4%         N/A       94%         5
 Olgreb's Toxic Radiance  Pois           1%         N/A       95%         4


Dungeon Overview and Level Annotations

Branches:
Dungeon (9/15)             Temple (1/1) D:6            Lair (0/5) D:8
    Orc: D:9-12

Altars:
Cheibriados
Elyvilon
Fedhas
Gozag
Hepliaklqana
Makhleb
Okawaru
Ru
Sif Muna
Uskayaw
Vehumet
Wu Jian
Yredelemnul
Zin
The Shining One

Shops:
D:5 *


Innate Abilities, Weirdness & Mutations

You have temporarily grown beastly horns and talons.
You are too large for most types of armour.
You have claws for hands.
Your natural rate of healing is unusually fast.
You are covered in fur. (AC +1)
You have tough skin. (AC +1)


Message History

Casting: Beastly Appendage (safe; 2% risk of failure)
Confirm with . or Enter, or press ? or * to list all spells.
Your blood is infused with primal strength.
You see here 17 gold pieces.
You now have 423 gold pieces (gained 17).
You claw the orc priest! You headbutt the orc priest.
You kill the orc priest!
The orc wizard points at you and mumbles some strange words.
You are confused.
You howl as the wereblood boils in your veins!
The orc wizard barely misses you.
Things that are here:
a +0 dagger; a +0 leather armour; an orc corpse You bump into the rock wall.
The orc wizard hits you but does no damage.
You bump into the rock wall.
You howl as the wereblood boils in your veins!
You scratch the two-headed ogre. You claw the two-headed ogre.
Your claw misses the two-headed ogre.
The two-headed ogre is moderately wounded.
You scratch the two-headed ogre. Your kick misses the two-headed ogre.
The two-headed ogre is moderately wounded.
The two-headed ogre hits you with a +0 giant club!
The two-headed ogre hits you with a +0 giant spiked club!!
You hear a shout!
You closely miss the two-headed ogre. Your kick misses the two-headed ogre.
Your headbutt misses the two-headed ogre.
The two-headed ogre is moderately wounded.
You feel less confused.
The orc wizard hits you with a +0 dagger.
You claw the two-headed ogre! x2
The two-headed ogre is severely wounded.
The two-headed ogre barely misses you.
The two-headed ogre hits you with a +0 giant spiked club!
The orc wizard hits you with a +0 dagger.
You barely miss the two-headed ogre.
The two-headed ogre is severely wounded.
The two-headed ogre closely misses you.
The two-headed ogre hits you with a +0 giant spiked club!!
You die...

....####..<....#
........######....##
#....##.# ...
##......# #..#
#...#..#### ..
##........# ##.###
#.....##.# ##....#
##.##....###..##.##
#. ##...@o.......#
.....##o#O..!##..#
###.#.....#......<#
# .####.....##..# #
#O....#....
...###....... ...?.
......... ..#
.....$...#.#
............


You could see a two-headed ogre and 2 orc wizards.

Vanquished Creatures
  A wyvern (D:9)
  2 steam dragons
  2 water moccasins
  A black bear (D:5)
  A centaur (D:7)
  A kobold brigand (D:6)
  A gnoll sergeant (D:8)
  4 bullfrogs
  2 necrophages
  A scorpion (D:5)
  8 wights
  10 killer bees
  3 howler monkeys
  2 hounds
  3 jellies
  7 orc priests
  Crazy Yiuf (D:7)
  3 iguanas
  5 orc wizards
  A howler monkey zombie (D:5)
  6 gnolls
  A howler monkey skeleton (D:5)
  7 adders
  2 white imps
  An ufetubus (D:5)
  The ghost of Esekla the Sneak, a weakling OpDe (D:5)
  6 dart slugs
  35 orcs
  6 bats
  5 endoplasms
  4 giant cockroaches
  6 goblins
  8 hobgoblins
  A quokka (D:1)
  3 ball pythons
  A frilled lizard (D:3)
  7 kobolds
  6 rats
165 creatures vanquished.

Vanquished Creatures (others)
  A plant (D:6)
  6 toadstools (D:2)
7 creatures vanquished.

Grand Total: 172 creatures vanquished

Notes
Turn   | Place    | Note
-------+----------+-------------------------------------------
     0 | D:1      | keekatzer the Troll Transmuter began the quest for the Orb.
     0 | D:1      | Reached XP level 1. HP: 18/18 MP: 1/1
   167 | D:1      | Reached XP level 2. HP: 26/26 MP: 2/2
   289 | D:1      | Found a faded altar of an unknown god.
   357 | D:1      | Reached XP level 3. HP: 29/32 MP: 2/4
   828 | D:2      | Found an opulent altar of Gozag.
   891 | D:3      | Noticed a wight
   908 | D:3      | Killed a wight
   909 | D:3      | Reached skill level 1 in Fighting
   909 | D:3      | Reached XP level 4. HP: 41/41 MP: 3/5
   938 | D:3      | Reached skill level 5 in Unarmed Combat
   938 | D:3      | Reached XP level 5. HP: 36/48 MP: 6/6
   951 | D:3      | Reached XP level 6. HP: 52/55 MP: 5/7
   970 | D:3      | Learned a level 2 spell: Wereblood
   979 | D:3      | Found a radiant altar of Vehumet.
  1427 | D:4      | Reached skill level 1 in Ice Magic
  1718 | D:4      | Found an ornate altar of the Wu Jian Council.
  1725 | D:5      | Entered Level 5 of the Dungeon
  1751 | D:5      | Found Vean's Overcharged Wands.
  1792 | D:5      | Got the Quarto of Dusty Poisoning
  1844 | D:5      | Reached XP level 7. HP: 33/62 MP: 5/9
  2003 | D:5      | Found a runed translucent gate.
  2004 | D:5      | Found a runed translucent gate.
  2004 | D:5      | Found a runed translucent gate.
  2008 | D:5      | Noticed Esekla's ghost (weakling OpDe)
  2020 | D:5      | Killed Esekla's ghost
  2075 | D:5      | Found a basalt altar of Yredelemnul.
  2081 | D:5      | Found a glowing golden altar of the Shining One.
  2344 | D:6      | Reached XP level 8. HP: 69/70 MP: 7/10
  2579 | D:6      | Found a staircase to the Ecumenical Temple.
  2597 | Temple   | Entered the Ecumenical Temple
  2605 | Temple   | Became a worshipper of Elyvilon the Healer
  2672 | D:6      | Found an iron altar of Okawaru.
  3193 | D:7      | Noticed a boulder beetle
  3336 | D:7      | Found a shimmering blue altar of Sif Muna.
  3415 | D:7      | Reached skill level 5 in Ice Magic
  3415 | D:7      | Reached XP level 9. HP: 42/76 MP: 10/12
  3487 | D:7      | Reached * piety under Elyvilon
  3494 | D:7      | Found a runed translucent door.
  3495 | D:7      | Noticed Crazy Yiuf
  3501 | D:7      | Killed Crazy Yiuf
  3790 | D:7      | Reached skill level 5 in Transmutations
  3834 | D:7      | Learned a level 4 spell: Ice Form
  3991 | D:8      | Reached skill level 1 in Invocations
  4043 | D:8      | Found a glowing silver altar of Zin.
  4190 | D:8      | Reached ** piety under Elyvilon
  4481 | D:8      | Found a staircase to the Lair.
  4697 | D:9      | Noticed a two-headed ogre
  4774 | D:9      | Slain by a two-headed ogre

Illustrated notes

Levels and vault maps discovered:
D:1:      lemuel_arrival_funnel, layout_basic, basic_ecumenical_altar,
          chequers_serial_rivers_room_a
D:2:      layout_rooms, serial_rivers, chequers_serial_rivers_micro_d,
          chequers_serial_rivers_marsh, chequers_serial_rivers_small_b,
          chequers_serial_rivers_micro_d, chequers_serial_rivers_micro_e,
          basic_altar, minmay_gold_behind_fungi
D:3:      layout_rooms, mainiacjoe_overflow_six_doors_small
D:4:      layout_rooms, nzn_wu_jian_council_hall, supply_closet_lemuel,
          sigmund_army
D:5:      layout_basic, grunt_temple_overflow_holy_war,
          gammafunk_ghost_necromancy, nicolae_shop_overcharged_wands
D:6:      layout_loops_corners, okawaru_metal_pillars_1_2,
          minmay_temple_entry_statues, grunt_ministairs_6, serial_bayou_pond_a
D:7:      layout_loops_ring, led_sif_pool, uniq_crazy_yiuf_cottage
D:8:      layout_loops_corners, zin_treasury, lair_entry_dummy
D:9:      layout_rooms
Temple:   eino_temple_lava

Skill      XL: |  1  2  3  4  5  6  7  8  9 |
---------------+----------------------------+-----
Unarmed Combat | 4 5 |  5.7
Fighting       | 1 |  1.2
Dodging        | 2 |  2.6
Transmutations | 2 3 4 5 |  5.6
Ice Magic      | 2 3 5 |  5.6
Spellcasting   | 2 3 |  3.6
Invocations    | 2 |  2.9

Action                   |  1- 3 |  4- 6 |  7- 9 || total
-------------------------+-------+-------+-------++-------
Melee: Unarmed           |   103 |    91 |   272 ||   466
       Kick              |     1 |     7 |    32 ||    40
       Headbutt          |     1 |     2 |     9 ||    12
       Punch             |     1 |     2 |    11 ||    14
 Cast: Beastly Appendage |     2 |     7 |    20 ||    29
       Wereblood         |       |     3 |    12 ||    15
Evoke: Wand              |       |       |     3 ||     3
  Use: Potion            |       |       |     1 ||     1
 Stab: Sleeping          |     1 |       |       ||     1
Armor: Robe              |    36 |    19 |    22 ||    77
       Skin              |       |       |    14 ||    14
       Steam dragon scal |       |       |    35 ||    35
Dodge: Dodged            |    54 |    33 |   100 ||   187
